 Dungeon Crawl Stone Soup version 0.29.1-4-g47bece8355 (webtiles) character file.

Game seed: 14858244233226296701

116 cdecastro the Changer (level 4, -3/34 HPs)
             Began as a Demigod Transmuter on Dec 12, 2022.
             Slain by an orc
             ... wielding a +1 hand axe of venom
              (6 damage)
             ... on level 3 of the Dungeon.
             The game lasted 00:03:28 (2777 turns).

cdecastro the Changer (Demigod Transmuter)          Turns: 2777, Time: 00:03:31

Health: -3/34      AC:  2    Str: 11    XL:     4   Next: 42%
Magic:  9/9        EV: 12    Int: 15    God:
Gold:   120        SH:  0    Dex: 18    Spells: 2/6 levels left

rFire   . . .      SeeInvis .     - Unarmed
rCold   . . .      Faith    .   (no shield)
rNeg    . . .      Spirit   .   a - +0 robe
rPois   .          Reflect  .   (helmet currently unavailable)
rElec   .          Harm     .   (no cloak)
rCorr   .          Rampage  .   (no gloves)
Will    .....                   (boots currently unavailable)
Stlth   ++........              (no amulet)
HPRegen 0.11/turn               (no ring)
MPRegen 0.11/turn               (no ring)

@: lethally poisoned (-3 -> -7), appendages
A: horns 2, talons 2, high MP 1, forlorn, divine attributes
a: End Transformation


You were on level 3 of the Dungeon.
You had temporarily grown beastly horns and talons.
You visited 1 branch of the dungeon, and saw 3 of its levels.

You collected 120 gold pieces.

Inventory:

Missiles
 h - 3 poisoned darts
Armour
 a - a +0 robe (worn)
Wands
 r - a wand of charming (11)
Scrolls
 c - 5 scrolls of identify {unknown}
 d - 4 scrolls of teleportation {unknown}
 g - a scroll of poison {unknown}
 k - a scroll of enchant weapon {unknown}
 m - a scroll of immolation {unknown}
 n - a scroll of enchant armour {unknown}
 p - 2 scrolls of fear {unknown}
 q - 2 scrolls of noise {unknown}
Potions
 b - 2 potions of lignification
 e - a potion of cancellation {unknown}
 f - a potion of magic {unknown}
 i - 2 potions of brilliance {unknown}
 j - 2 potions of degeneration {unknown}
 l - a potion of curing {unknown}
 o - 2 potions of heal wounds {unknown}
 s - a potion of invisibility {unknown}


   Skills:
 - Level 0.8 Fighting
 - Level 1.7 Dodging
 - Level 2.6 Unarmed Combat
 - Level 1.7 Spellcasting
 + Level 4.5 Transmutations


You had 2 spell levels left.
You knew the following spells:

 Your Spells              Type           Power      Damage    Failure   Level
a - Beastly Appendage     Tmut           30%        N/A       3%          1
b - Spider Form           Tmut/Pois      8%         N/A       26%         3

Your spell library contained the following spells:

 Spells                   Type           Power      Damage    Failure   Level
 Wereblood                Tmut           15%        N/A       5%          2
 Gell's Gravitas          Tloc           1%         N/A       56%         3
 Teleport Other           Tloc           1%         N/A       56%         3
 Ice Form                 Ice/Tmut       8%         N/A       65%         4
 Dispersal                Tloc           0%         N/A       100%        6
 Disjunction              Tloc           0%         N/A       100%        8


Dungeon Overview and Level Annotations

Branches:
Dungeon (3/15)


Innate Abilities, Weirdness & Mutations

You have temporarily grown beastly horns and talons.
You have an increased reservoir of magic. (+10% MP)
You shall have no god before yourself.
Your divine heritage dramatically boosts your attributes as you level up.


Message History

The orc barely misses you.
You miss something. You claw something. The orc closely misses you.
Something hits you.
The orc throws a boomerang.
The boomerang closely misses you.
You closely miss something. Your kick misses something.
Your headbutt misses something.
A frilled lizard comes into view.
Something hits you.
The orc hits you from afar with a +0 trident.
You hit something. Your kick misses something. The orc misses you.
Something hits you but does no damage.
You barely miss something. You claw something. The orc closely misses you.
You hear some strange, mumbled words.
A magic dart appears from out of thin air!
The magic dart hits you!
The orc hits you with a +1 hand axe of venom.
You are poisoned.
Unknown command.
You hit something.
You feel very sick. The orc barely misses you.
Something hits you but does no damage. The orc closely misses you.
The quokka barely misses you.
You hit something. Your headbutt misses something.
You feel sick. The orc hits you but does no damage.
Something hits you but does no damage. The quokka closely misses you.
The orc misses you.
Unknown command.
You hit something but do no damage.
You feel sick. The quokka misses you. The orc barely misses you.
Something hits you.
* * * LOW HITPOINT WARNING * * *
The orc hits you from afar with a +0 trident.
* * * LOW HITPOINT WARNING * * *
The quokka closely misses you.
Unknown command.
The quokka attacks as you move away! The quokka barely misses you.
* * * LOW HITPOINT WARNING * * *
You feel sick.
You hear some strange, mumbled words.
Something tries to affect you, but you resist.
The orc hits you with a +1 hand axe of venom.
You die...

#######..######
#.......#
######.#....##
#......#.########
##'######.........
#...# ##########
#...########.....
#...#............
#...'...@){l.....
#...#....or......
#...#......o.....
#...#............
############....[
..... ####


You could see 2 orcs, a quokka and a frilled lizard.

Vanquished Creatures
  A hound (D:3)
  3 adders
  A worm (D:2)
  A dart slug (D:1)
  2 orcs (D:3)
  4 ball pythons
  4 endoplasms
  6 giant cockroaches
  8 goblins
  4 hobgoblins
  2 kobolds (D:2)
  A quokka (D:1)
  2 bats (D:1)
  9 frilled lizards
  A rat (D:2)
49 creatures vanquished.

Notes
Turn   | Place    | Note
-------+----------+-------------------------------------------
     0 | D:1      | cdecastro the Demigod Transmuter began the quest for the
                  | Orb.
     0 | D:1      | Reached XP level 1. HP: 15/15 MP: 5/5
   174 | D:1      | Reached skill level 2 in Transmutations
   470 | D:1      | Reached XP level 2. HP: 18/22 MP: 5/7
   585 | D:1      | HP: 1/22 [goblin/+0 dagger (2)]
   588 | D:1      | Reached skill level 3 in Transmutations
  1664 | D:1      | Reached XP level 3. HP: 14/27 MP: 6/8
  1819 | D:1      | Learned a level 3 spell: Spider Form
  2078 | D:2      | Reached skill level 4 in Transmutations
  2435 | D:2      | Reached XP level 4. HP: 26/34 MP: 7/9
  2777 | D:3      | Slain by an orc

Illustrated notes

Levels and vault maps discovered:
D:1:      dpeg_arrival_circle_labyrinth_c, layout_loops_ring, minmay_vboxes
D:2:      kennysheep_six_static_rooms, layout_rooms, serial_glass,
          glass_columns_a, glass_columns_b
D:3:      layout_basic, nicolae_figureground_sparkle, uniq_ijyb

Skill      XL: |  1  2  3 |
---------------+----------+-----
Transmutations | 2 3 4 |  4.5
Fighting       | |  0.8
Dodging        | |  1.7
Unarmed Combat | |  2.6
Spellcasting   | |  1.7

Action                   |  1- 3 |  4- 6 || total
-------------------------+-------+-------++-------
Melee: Unarmed           |   134 |    15 ||   149
       Kick              |    13 |     5 ||    18
       Punch             |     4 |       ||     4
       Headbutt          |    19 |       ||    19
 Cast: Beastly Appendage |    25 |     2 ||    27
  Use: Potion            |     1 |       ||     1
 Stab: Sleeping          |     1 |       ||     1
Armor: Robe              |    24 |     5 ||    29
       Skin              |     1 |       ||     1
Dodge: Dodged            |    87 |    19 ||   106
